 Dungeon Crawl Stone Soup version 0.23.2-11-gf996548c65 (webtiles) character file.

Game seed: 15170440663489539485

38 Nattfarinn the Sneak (level 3, 0/28 HPs)
             Began as a Gnoll Wanderer on June 5, 2019.
             Succumbed to an adder's poison
             ... on level 1 of the Dungeon.
             The game lasted 00:02:09 (1001 turns).

Nattfarinn the Sneak (Gnoll Wanderer)               Turns: 1001, Time: 00:02:09

Health: 0/28       AC:  3    Str: 13    XL:     3   Next: 43%
Magic:  7/7        EV: 10    Int: 15    God:
Gold:   65         SH:  7    Dex: 15    Spells: 6/7 levels left

rFire    . . .     SeeInvis .   a - +0 spear
rCold    . . .     Gourm    .   m - +0 shield
rNeg     . . .     Faith    .   d - +0 robe
rPois    .         Spirit   .   (no helmet)
rElec    .         Reflect  .   (no cloak)
rCorr    .         Harm     .   (no gloves)
MR       .....                  h - +0 pair of boots
Stlth    ++++......             (no amulet)
HPRegen  0.09/turn              i - +3 ring of slaying
MPRegen  0.10/turn              (no ring)

@: lethally poisoned (0 -> -4), flying
A: distributed training, fangs 1, strong nose
a: no special abilities


You were on level 1 of the Dungeon.
You were not hungry.

You visited 1 branch of the dungeon, and saw 2 of its levels.

You collected 65 gold pieces.

Inventory:

Hand Weapons
 a - a +0 spear (weapon)
 e - a +0 dagger
Missiles
 g - 18 stones (quivered)
Armour
 d - a +0 robe (worn)
 h - a +0 pair of boots (worn)
 m - a +0 shield (worn)
Jewellery
 i - a +3 ring of slaying (left hand)
Scrolls
 j - 2 scrolls of remove curse {unknown}
 k - a scroll of identify {unknown}
Comestibles
 f - 5 rations


   Skills:
 + Level 2.6 Fighting
 + Level 0.7 Short Blades
 + Level 0.7 Long Blades
 + Level 0.7 Axes
 + Level 0.7 Maces & Flails
 + Level 0.7 Polearms
 + Level 0.7 Staves
 + Level 0.7 Slings
 + Level 0.7 Bows
 + Level 0.7 Crossbows
 + Level 2.6 Throwing
 + Level 0.7 Armour
 + Level 2.6 Dodging
 + Level 7.8 Stealth
 + Level 0.7 Shields
 + Level 0.7 Unarmed Combat
 + Level 2.8 Spellcasting
 + Level 0.5 Conjurations
 + Level 0.5 Hexes
 + Level 0.5 Charms
 + Level 2.1 Summonings
 + Level 0.5 Necromancy
 + Level 0.5 Translocations
 + Level 0.5 Transmutations
 + Level 0.5 Fire Magic
 + Level 0.5 Ice Magic
 + Level 0.5 Air Magic
 + Level 2.1 Earth Magic
 + Level 0.5 Poison Magic
 + Level 0.9 Invocations
 + Level 0.7 Evocations


You had 6 spell levels left.
You knew the following spells:

 Your Spells              Type           Power        Failure   Level  Hunger
a - Sandblast             Erth           #.....       47%         1    #......

Your spell library contained the following spells:

 Spells                   Type           Power        Failure   Level  Hunger
 Passwall                 Tmut/Erth      #.......     75%         2    ##.....
 Stone Arrow              Conj/Erth      #.....       92%         3    ###....
 Petrify                  Tmut/Erth      #.......     100%        4    #####..
 Lee's Rapid Deconstruct  Erth           #.........   100%        5    ######.


Dungeon Overview and Level Annotations

Branches:
Dungeon (2/15)

Altars:


Innate Abilities, Weirdness & Mutations

Your experience applies equally to all skills.
You have very sharp teeth.
Your uncanny sense of smell can sniff out nearby items.


Message History

You hit the adder.
The adder is heavily wounded.
You block the adder's attack. The adder bites you.
* * * LOW HITPOINT WARNING * * *
You are lethally poisoned!
The adder poisons you!
It was a potion of flight.
You feel very buoyant.
You fly up into the air.
* * * LOW HITPOINT WARNING * * *
You feel sick. The adder bites you but does no damage.
You closely miss the adder.
The adder is heavily wounded.
You block the adder's attack.
You hit the adder. Your bite misses the adder.
The adder is almost dead.
You block the adder's attack. x2
You closely miss the adder.
The adder is almost dead.
You die...

.##.##.####.#........##
.##.##.####[....#######
.##.##.....#..........#
.'..######.#..#.#####.#
.#### #.#..#.# #.# .#
######.#..#.#####.# ##
#......#........#.# .#
#.######.##.#####.# .#
#.# ####.##.@S....#
.####.# #....##########
.+....# ###### .######
.# .# .# ##


You could see an adder.

Vanquished Creatures
  An adder (D:2)
  A dart slug (D:2)
  A leopard gecko (D:1)
  An orc (D:2)
  4 bats
  2 giant cockroaches
  4 hobgoblins
  2 kobolds
  2 frilled lizards (D:1)
  4 goblins
  2 rats (D:1)
24 creatures vanquished.

Notes
Turn   | Place    | Note
-------+----------+-------------------------------------------
     0 | D:1      | Nattfarinn the Gnoll Wanderer began the quest for the Orb.
     0 | D:1      | Nattfarinn set off with the following items: a +0 spear, a
                  | potion of curing, a +0 robe, a +0 dagger, a ration; and the
                  | following spell memorised: Sandblast; and the following
                  | spells available to memorise: Passwall, Stone Arrow,
                  | Petrify, Lee's Rapid Deconstruction
     0 | D:1      | Reached XP level 1. HP: 17/17 MP: 4/4
   296 | D:1      | Reached XP level 2. HP: 14/23 MP: 5/5
   967 | D:2      | Reached XP level 3. HP: 28/28 MP: 7/7
   998 | D:1      | HP: 1/28 [poisoned by an adder]
  1001 | D:1      | Succumbed to an adder's poison

Skill      XL: |  1 |
---------------+----+-----
Summonings     | 2 |  2.1
Earth Magic    | 2 |  2.1
Fighting       | |  2.6
Short Blades   | |  0.7
Long Blades    | |  0.7
Axes           | |  0.7
Maces & Flails | |  0.7
Polearms       | |  0.7
Staves         | |  0.7
Slings         | |  0.7
Bows           | |  0.7
Crossbows      | |  0.7
Throwing       | |  2.6
Armour         | |  0.7
Dodging        | |  2.6
Stealth        | |  7.8
Shields        | |  0.7
Unarmed Combat | |  0.7
Spellcasting   | |  2.8
Conjurations   | |  0.5
Hexes          | |  0.5
Charms         | |  0.5
Necromancy     | |  0.5
Translocations | |  0.5
Transmutations | |  0.5
Fire Magic     | |  0.5
Ice Magic      | |  0.5
Air Magic      | |  0.5
Poison Magic   | |  0.5
Invocations    | |  0.9
Evocations     | |  0.7

Action                   || total
-------------------------++-------
Melee: Spear             ||    96
       Bite              ||    11
  Use: Potion            ||     2
 Stab: Sleeping          ||    11
Armor: Robe              ||    19
Dodge: Dodged            ||    45
Block: Shield            ||    10
